 Dungeon Crawl Stone Soup version 0.30.0-5-g1a98f26d00 (webtiles) character file.

Game seed: 18175699286865174486

105 Edyrem the Gusty (level 4, -5/23 (24) HPs)
             Began as a Tengu Air Elementalist on May 9, 2023.
             Slain by Crazy Yiuf
             ... wielding a +3 quarterstaff of chaos
              (9 damage)
             ... on level 3 of the Dungeon on May 10, 2023.
             The game lasted 00:09:36 (2717 turns).

Edyrem the Gusty (Tengu Air Elementalist)           Turns: 2717, Time: 00:09:36

HP:   -5/23 (24)    AC:  2    Str:  9    XL:     4   Next: 81%
MP:   7/10          EV: 12    Int: 23    God:
Gold: 94            SH:  0    Dex: 14    Spells: 2/9 levels left

rFire   . . .        e - +0 dagger
rCold   . . .        (no shield)
rNeg    . . .        a - +0 robe
rPois   .            (helmet restricted)
rElec   .            (no cloak)
rCorr   .            (no gloves)
SInv    .            (boots unavailable)
Will    .....        i - amulet of the acrobat
Stlth   ++           q - +6 ring of intelligence
HPRegen 0.23/turn    (no ring)
MPRegen 0.12/turn

%: acrobat
@: lightly drained
A: beak, talons 3
a: no special abilities


You were on level 3 of the Dungeon.
You visited 1 branch of the dungeon, and saw 3 of its levels.

You collected 94 gold pieces.

Inventory:

Hand Weapons
 e - a +0 dagger (weapon)
 j - a +0 sling
Armour
 a - a +0 robe (worn)
Jewellery
 i - an amulet of the acrobat (around neck)
 q - a +6 ring of intelligence (left hand)
Wands
 n - a wand of mindburst (16)
Scrolls
 c - a scroll of acquirement {unknown}
 d - 2 scrolls of enchant weapon {unknown}
 f - a scroll of enchant armour {unknown}
 g - a scroll of brand weapon {unknown}
 l - 3 scrolls of summoning {unknown}
 m - 2 scrolls of identify {unknown}
 o - 2 scrolls of teleportation {unknown}
 p - a scroll of fear {unknown}
Potions
 b - a potion of magic
 h - 2 potions of curing {unknown}
 k - 2 potions of resistance {unknown}


   Skills:
 - Level 2.1 Dodging
 - Level 2.0 Stealth
 + Level 3.4 Spellcasting
 - Level 1.3 Conjurations
 + Level 5.8 Air Magic


You had 2 spell levels left.
You knew the following spells:

 Your Spells              Type           Power      Damage    Failure   Level
a - Shock                 Conj/Air       80%        1d8       2%          1
b - Static Discharge      Conj/Air       40%        2-4/arc   3%          2
c - Airstrike             Air            15%        2d(3-19)  11%         4

Your spell library contained the following spells:

 Spells                   Type           Power      Damage    Failure   Level
 Swiftness                Air            30%        N/A       3%          3


Dungeon Overview and Level Annotations

Branches:
Dungeon (3/15)

Altars:
The Shining One

Annotations:
D:3 Crazy Yiuf


Innate Abilities, Weirdness & Mutations

You have a beak for a mouth.
You have claws for feet.


Message History

The ball python hisses angrily.
You hit the ball python. Your kick misses the ball python.
You peck the ball python.
You kill the ball python!
There is an open door here.
There is an open door here.
Crazy Yiuf shouts!
You open the door.
Aiming: Shock (safe; 2% risk of failure)
Press: ? - help, Q - select action, (/) - cycle Shift-Dir - straight line
Okay, then.
Aiming: Shock (safe; 2% risk of failure)
Press: ? - help, Q - select action, (/) - cycle Shift-Dir - straight line The zap hits Crazy Yiuf.
Crazy Yiuf is lightly wounded.
Crazy Yiuf screams, "Whiteboard!
Shadow down seventy."
Crazy Yiuf hits you with a +3 quarterstaff of chaos!
Aiming: Shock (safe; 2% risk of failure)
Press: ? - help, Q - select action, (/) - cycle Shift-Dir - straight line
Okay, then.
Aiming: Shock (safe; 2% risk of failure)
Press: ? - help, Q - select action, (/) - cycle Shift-Dir - straight line
Okay, then.
Casting: Shock (safe; 2% risk of failure)
Confirm with . or Enter, or press ? or * to list all spells.
Okay, then.
Aiming: Shock (safe; 2% risk of failure)
Press: ? - help, Q - select action, (/) - cycle Shift-Dir - straight line The zap hits Crazy Yiuf.
Crazy Yiuf is moderately wounded.
Crazy Yiuf hits you with a +3 quarterstaff of chaos!
* * * LOW HITPOINT WARNING * * *
You feel drained.
* * * LOW HITPOINT WARNING * * *
Aiming: Shock (safe; 2% risk of failure)
Press: ? - help, Q - select action, (/) - cycle Shift-Dir - straight line The zap hits Crazy Yiuf.
Crazy Yiuf is heavily wounded.
Crazy Yiuf hits you with a +3 quarterstaff of chaos!
You die...

#.# #.# #####
#########.#
#..)#
#.........#
#...#
#.......#.#
...
#.......###
#'#
#..........
###### ♣♣g♣
#.......##.
.....######
♣@♣♣
#.......##.
.#..(.....#
♣♣.♣
#.......##.
.#.####'#.###
♣.♣♣
#.......##.
.#.#≈≈≈≈#...#
♣♣.♣♣
#...######.
.#.#≈..≈#...#
♣...♣♣ #...#
#.
...#≈_>≈#...#
♣....♣ #...#
#.
...#≈≈≈≈#...#
#....# #...#
##
...######...#
##..## #...#
#
............#
#...# ##### #


You could see Crazy Yiuf.

Vanquished Creatures
  Jessica (D:2)
  An adder (D:3)
  3 worms
  A dart slug (D:1)
  3 endoplasms
  2 giant cockroaches
  5 goblins
  6 hobgoblins
  12 jackals
  2 kobolds (D:1)
  A quokka (D:1)
  3 ball pythons
  3 bats
  A frilled lizard (D:1)
  10 rats
54 creatures vanquished.

Notes
Turn   | Place    | Note
-------+----------+-------------------------------------------
     0 | D:1      | Edyrem the Tengu Air Elementalist began the quest for the
                  | Orb.
     0 | D:1      | Reached XP level 1. HP: 10/10 MP: 4/4
   176 | D:1      | Reached XP level 2. HP: 15/15 MP: 1/6
   238 | D:1      | Learned a level 2 spell: Static Discharge
   651 | D:1      | Reached XP level 3. HP: 19/19 MP: 4/7
  1093 | D:2      | Reached skill level 5 in Air Magic
  1210 | D:2      | Found a faded altar of an unknown god.
  1273 | D:2      | Noticed Jessica
  1280 | D:2      | Killed Jessica
  1281 | D:2      | Reached XP level 4. HP: 20/24 MP: 6/9
  1998 | D:3      | Learned a level 4 spell: Airstrike
  2014 | D:3      | Found a glowing golden altar of the Shining One.
  2266 | D:3      | Found a runed translucent door.
  2267 | D:3      | Noticed Crazy Yiuf
  2717 | D:3      | Slain by Crazy Yiuf

Illustrated notes

Levels and vault maps discovered:
D:1:      scummos_arrival_checkerplants, layout_loops_ring
D:2:      layout_rooms, shapermc_ecumenical_altar_gd, minmay_rat_gold_closets,
          uniq_jessica
D:3:      layout_basic, general_overflow_altar, serial_glass, glass_columns_a,
          glass_columns_b, uniq_crazy_yiuf_cottage

Skill      XL: |  1  2  3 |
---------------+----------+-----
Air Magic      | 5 |  5.8
Spellcasting   | 3 |  3.4
Dodging        | |  2.1
Stealth        | |  2.0
Conjurations   | |  1.3

Action                     |  1- 3 |  4- 6 || total
---------------------------+-------+-------++-------
  Melee: Unarmed           |     9 |       ||     9
         Kick              |     4 |     2 ||     6
         Peck              |     3 |     1 ||     4
         Dagger            |    16 |     8 ||    24
   Cast: Shock             |    51 |    46 ||    97
 Armour: Robe              |     6 |     2 ||     8
  Dodge: Dodged            |    27 |     8 ||    35
